 Dungeon Crawl Stone Soup version 0.29-a0-323-g050149af67 (webtiles) character file.

Game seed: 638624475640070559

6 spaghetti the Sneak (level 1, 10/15 HPs)
             Began as a Demonspawn Wanderer on Apr 10, 2022.
             Was a Follower of Kikubaaqudgha.
             Quit the game on level 1 of the Dungeon.
             The game lasted 00:00:31 (140 turns).

spaghetti the Sneak (Demonspawn Wanderer)            Turns: 140, Time: 00:00:31

Health: 10/15      AC:  2    Str: 12    XL:     1   Next: 75%
Magic:  2/2        EV: 11    Int: 15    God:    Kikubaaqudgha [*.....]
Gold:   0          SH:  0    Dex: 10    Spells: 1/2 levels left

rFire   . . .      SeeInvis .   a - +0 falchion {long}
rCold   . . .      Faith    .   (no shield)
rNeg    . . .      Spirit   .   d - +0 robe
rPois   .          Reflect  .   (no helmet)
rElec   .          Harm     .   (no cloak)
rCorr   .          Rampage  .   (no gloves)
Will    .....                   (no boots)
Stlth   +.........              (no amulet)
HPRegen 0.05/turn               (no ring)
MPRegen 0.08/turn               (no ring)

@: very slow
A: no striking features
a: Renounce Religion, Receive Corpses


You were on level 1 of the Dungeon.
You worshipped Kikubaaqudgha.
Kikubaaqudgha was aware of your devotion.
You visited 1 branch of the dungeon, and saw 1 of its levels.


   Skills:
 + Level 1.4 Fighting
 - Level 1.7 Long Blades
 - Level 1.0 Armour
 - Level 2.6 Stealth
 - Level 1.0 Spellcasting
 - Level 2.0 Poison Magic
 - Level 1.0 Evocations


You had one spell level left.
You knew the following spells:

 Your Spells              Type           Power      Damage    Failure   Level
a - Sting                 Tmut/Pois      12%        1d3       16%         1

Your spell library contained the following spells:

 Spells                   Type           Power      Damage    Failure   Level
 Animate Skeleton         Necr           0%         N/A       24%         1
 Pain                     Necr           0%         1d4       24%         1
 Sublimation of Blood     Necr           0%         N/A       36%         2
 Spider Form              Tmut/Pois      3%         N/A       43%         3
 Ignite Poison            Fire/Tmut/Pois 2%         N/A       50%         3
 Agony                    Necr           0%         N/A       100%        5

Inventory:

Hand Weapons
 a - a +0 falchion (weapon) {long}
Armour
 d - a +0 robe (worn)
Scrolls
 c - 2 scrolls of fear
Miscellaneous
 b - a piece from Xom's chessboard (15/15)

Dungeon Overview and Level Annotations

Branches:
Dungeon (1/15)

Altars:
Kikubaaqudgha

....##..........>..
.........#...K...#....#
#..≈≈≈...≈..≈..........
.##$≈...≈≈≈...≈†..#.....
...≈≈≈≈≈≈≈≈≈≈††######.#
#..≈≈≈≈≈≈≈≈≈.≈# #.#
#.≈≈≈≈≈≈≈≈≈≈..# #.#
#"≈≈≈≈♣♣≈≈≈≈≈≈# #.#
#≈.≈≈@._.≈≈≈..######.#
#..≈≈≈♣≈.≈≈≈.........#
#.≈≈≈≈≈≈≈≈≈≈≈.#####
#..≈≈≈≈≈≈†≈≈≈≈#
#≈.≈≈≈≈≈≈≈≈≈≈.#
#..≈....≈.≈≈..#
#.≈....≈..≈≈..#
#####.######### #.


There were no monsters in sight!


Message History

You kill the hobgoblin! 😎 HP[+1]
You now have 14 max hp (+1).
Your hp is fully restored (14).
You hit the giant cockroach but do no damage.
The giant cockroach barely misses you.
You barely miss the giant cockroach.
The giant cockroach closely misses you. x2
You barely miss the giant cockroach. The giant cockroach closely misses you.
You hit the giant cockroach but do no damage.
The giant cockroach closely misses you.
You closely miss the giant cockroach. The giant cockroach barely misses you.
The giant cockroach bites you.
You are too injured to fight recklessly! 😕 HP[-2]
You take 2 damage, and now have 12/14 hp.
You are too injured to fight recklessly!
You are too injured to fight recklessly!
You are too injured to fight recklessly!
You are too injured to fight recklessly!
You are too injured to fight recklessly!
You are too injured to fight recklessly!
You are too injured to fight recklessly!
You are too injured to fight recklessly!
You are too injured to fight recklessly!
You are too injured to fight recklessly!
You are too injured to fight recklessly!
You are too injured to fight recklessly!
You are too injured to fight recklessly!
Unknown command.
The giant cockroach attacks as you move away!
The giant cockroach bites you. The rat barely misses you.
The dart slug launches a dart at you. The slug dart misses you.
The slug dart hits the giant cockroach.
You see here a hobgoblin corpse. 😕 HP[-1]
You take 1 damage, and now have 11/14 hp.
You hit the rat.
You kill the rat!
The giant cockroach bites you but does no damage.
You hit the giant cockroach.
You kill the giant cockroach!
Your Fighting skill increases to level 1! 😕 HP[+1]
You now have 15 max hp (+1).
You enter the shallow water.
Moving in this stuff is going to be slow.
Why would you want to do that? Why would you want to do that?
The dart slug launches a dart at you. The slug dart misses you.
The dart slug launches a dart at you. The slug dart hits you. 😮 HP[-2]
You take 2 damage, and now have 10/15 hp.
The dart slug launches a dart at you. The slug dart hits you.
* * * LOW HITPOINT WARNING * * *
😨 HP[-3]
You take 3 damage, and now have 7/15 hp.
You hit the dart slug but do no damage. 😮 HP[+1]
You hit the dart slug. The dart slug launches a dart at you.
The slug dart misses you.
Your unstable footing causes you to fumble your attack.
You hit the dart slug. The dart slug launches a dart at you.
The slug dart hits you.
* * * LOW HITPOINT WARNING * * *
😨 HP[-1]
You take 1 damage, and now have 7/15 hp.
You hit the dart slug. The dart slug launches a dart at you.
The slug dart misses you.
You hit the dart slug.
You kill the dart slug!
You see here a dart slug corpse.
Why would you want to do that? Why would you want to do that?
There is a faded altar of an unknown god here.
You cannot tell which god this altar belongs to.
Convert to them anyway?
Kikubaaqudgha accepts your prayer! Kikubaaqudgha welcomes you!
You can now receive cadavers from Kikubaaqudgha.
Kikubaaqudgha grants you a gift!
You add the spells Animate Skeleton, Pain, Sublimation of Blood and Agony to your library.
Unknown command.
Press < or > to pray at altars.
Unknown command.
Press < or > to pray at altars.
You start resting.
A kobold comes into view. It is wielding a +0 dagger. 😮 HP[+3]
You regained 3 hp, and now have 10/15 hp.
A kobold is nearby!
A kobold is nearby!
A kobold is nearby!
You enter the shallow water.
Moving in this stuff is going to be slow.
Unknown command.
Are you sure you want to abandon this character and quit the game? (Confirm with "yes".)

Skill      XL: |  1 |
---------------+----+-----
Fighting       | 1 |  1.4
Long Blades    | |  1.7
Armour         | |  1.0
Stealth        | |  2.6
Spellcasting   | |  1.0
Poison Magic   | |  2.0
Evocations     | |  1.0

Action                   || total
-------------------------++-------
Melee: Falchion          ||    14
Armor: Robe              ||     1
Dodge: Dodged            ||    12

Levels and vault maps discovered:
D:1:      sevenhm_arrival_forest_fort_small_5, layout_loops_cross,
          chequers_ecumenical_altar_island, dreamdust_princess_corridor,
          minmay_bisected

Notes
Turn   | Place    | Note
-------+----------+-------------------------------------------
     0 | D:1      | spaghetti the Demonspawn Wanderer began the quest for the
                  | Orb.
     0 | D:1      | spaghetti set off with the following items: a +0 falchion
                  | {long}, a piece from Xom's chessboard (15/15), a scroll of
                  | fear, a +0 robe; and the following spell memorised: Sting;
                  | and the following spells available to memorise: Spider
                  | Form, Ignite Poison
     0 | D:1      | Reached XP level 1. HP: 13/13 MP: 2/2
     0 | D:1      | magus.rc [v1.9.6]
    42 | D:1      | Found a faded altar of an unknown god.
    53 | D:1      | Reached skill level 1 in Fighting
    76 | D:1      | Prayed at the altar of an unknown god.
    76 | D:1      | Became a worshipper of Kikubaaqudgha
    76 | D:1      | Reached * piety under Kikubaaqudgha
    76 | D:1      | You add the spells Animate Skeleton, Pain, Sublimation of
                  | Blood and Agony to your library.
    76 | D:1      | Received a gift from Kikubaaqudgha
   140 | D:1      | Quit the game

Vanquished Creatures
  A dart slug (D:1)
  A giant cockroach (D:1)
  A hobgoblin (D:1)
  A rat (D:1)
4 creatures vanquished.

Table legend:
 A = Non-vault XP
 B = Vault XP
 C = Vault XP percentage of total XP
 D = Non-vault monster count
 E = Vault monster count
 F = Vault count percentage of total count
                 A         B        C        D         E       F
            +---------+---------+-------+---------+---------+-------
      Total |       9 |       0 |   0.0 |       4 |       0 |   0.0
            +---------+---------+-------+---------+---------+-------
        D:1 |       9 |       0 |   0.0 |       4 |       0 |   0.0
            +---------+---------+-------+---------+---------+-------

Illustrated notes

Table legend:
 A = Kills in this place as a percentage of kills in entire the game.
 B = Kills by you in this place as a percentage of kills by you in the entire game.
 C = Kills by friends in this place as a percentage of kills by friends in the entire game.
 D = Other kills in this place as a percentage of other kills in the entire game.
 E = Experience gained in this place as a percentage of experience gained in the entire game.
 F = Experience gained in this place divided by the number of levels of this place that you have seen.
                   A       B       C       D       E      F
               +-------+-------+-------+-------+-------+----------------------
         Total | 100.0 | 100.0 |   N/A |   N/A | 100.0 |   9.0
       Dungeon | 100.0 | 100.0 |   N/A |   N/A | 100.0 |   9.0
               +-------+-------+-------+-------+-------+----------------------

Table legend: (Time is in decaauts)
 A = Elapsed time spent in this place.
 B = Non-inter-level travel time spent in this place.
 C = Inter-level travel time spent in this place.
 D = Time resting spent in this place.
 E = Time spent auto-exploring this place.
 F = Levels seen in this place.
 G = Mean time per level.
                   A        B        C        D        E       F      G
               +--------+--------+--------+--------+--------+-----+--------+
         Total |    152 |    152 |      0 |     61 |     39 |   1 |  152.0 |
       Dungeon |    152 |    152 |      0 |     61 |     39 |   1 |  152.0 |
               +--------+--------+--------+--------+--------+-----+--------+

Top non-repeatable levels by time:
     D:1: 152 daAuts
